 Dungeon Crawl Stone Soup version 0.30-a0-465-g8901f6c8b5 (webtiles) character file.

Game seed: 13953270015703935418

38 Bnni the Grave Robber (level 3, -2/26 HPs)
             Began as a Demonspawn Necromancer on Dec 18, 2022.
             Slain by Sigmund
             ... wielding a +0 scythe
              (11 damage)
             ... on level 2 of the Dungeon.
             The game lasted 00:01:46 (810 turns).

Bnni the Grave Robber (Demonspawn Necromancer)       Turns: 810, Time: 00:01:47

Health: -2/26      AC:  2    Str:  8    XL:     3   Next: 25%
Magic:  4/6        EV: 12    Int: 18    God:
Gold:   38         SH:  0    Dex: 13    Spells: 2/6 levels left

rFire   . . .      SeeInvis .    d - +0 spear
rCold   . . .      Faith    .    (no shield)
rNeg    . . .      Spirit   .    a - +0 robe
rPois   .          Reflect  .    (no helmet)
rElec   .          Harm     .    (no cloak)
rCorr   .          Rampage  .    (no gloves)
Will    .....                    (no boots)
Stlth   +.........               (no amulet)
HPRegen 0.24/turn                (no ring)
MPRegen 0.10/turn                (no ring)

@: confused, lethally poisoned (-2 -> -4)
A: powered by pain 1
a: no special abilities


You were on level 2 of the Dungeon.
You visited 1 branch of the dungeon, and saw 2 of its levels.

You collected 38 gold pieces.

Inventory:

Hand Weapons
 d - a +0 spear (weapon)
Armour
 a - a +0 robe (worn)
Jewellery
 f - a +6 ring of intelligence
Scrolls
 e - a scroll of noise {unknown}
 h - a scroll of amnesia {unknown}
 i - a scroll of identify {unknown}
Potions
 b - a potion of magic
 c - 3 potions of curing {unknown}
 g - a potion of brilliance {unknown}


   Skills:
 + Level 1.2 Fighting
 - Level 1.7 Dodging
 - Level 1.7 Stealth
 + Level 2.4 Spellcasting
 * Level 5.1 Necromancy


You had 2 spell levels left.
You knew the following spells:

 Your Spells              Type           Power      Damage    Failure   Level
a - Necrotise             Necr           80%        1d8       2%          1
c - Vampiric Draining     Necr           20%        2d7       6%          3

Your spell library contained the following spells:

 Spells                   Type           Power      Damage    Failure   Level
 Animate Dead             Necr           20%        N/A       22%         4
 Summon Guardian Golem    Hex/Summ       2%         N/A       45%         3
 Agony                    Necr           20%        N/A       52%         5
 Orb of Destruction       Conj           1%         9d5       100%        7
 Spellforged Servitor     Conj/Summ      1%         N/A       100%        7


Dungeon Overview and Level Annotations

Branches:
Dungeon (2/15)

Altars:

Annotations:
D:2 Sigmund


Innate Abilities, Weirdness & Mutations

You sometimes gain a little power by taking damage.


Message History

You hit the adder.
The adder is moderately wounded.
The adder bites you.
You are poisoned.
The adder poisons you!
You closely miss the adder.
The adder is moderately wounded.
You feel sick.
Sigmund shouts!
The adder bites you. x2
You are more poisoned.
The adder poisons you!
Unknown command.
Aiming: Necrotise (safe; 2% risk of failure)
Press: ? - help, Q - select action Shift-Dir - straight line, f - adder
Aim: an adder (moderately wounded, chance to affect: 84%)
The adder writhes in agony.
You feel sick. The adder closely misses you.
Unknown command.
Aiming: Necrotise (safe; 2% risk of failure)
Press: ? - help, Q - select action Shift-Dir - straight line, f/p - adder
Aim: an adder (severely wounded, chance to affect: 84%)
The adder writhes in agony!
You kill the adder!
The dead are slithering!
You feel sick. Sigmund casts a spell at you.
You resist with significant effort.
You feel sick. Sigmund gestures at you while chanting.
Your adder skeleton appears confused.
You swap places.
Found a scroll labelled JUSASE LOMN.
You feel sick.
Sigmund flickers, as though insubstantial.
There is a stone staircase leading up here.
You feel sick. Sigmund gestures at you while chanting.
You are confused.
In your confused state, you trip and fall back down the stairs.
You feel sick.
Sigmund hits you from afar with a +0 scythe!
You die...

##...##
##.##.### #.....
#####
#..#..........#.
####.....#
##..###.
#####.....##.#
#.. ##
#........## # #.
# #.......## #
#. #.......##
#.. #....>...#
#... ###...@Z.#
...#. #......#
.##...
#....@.... #..#
#....#..##.#
#....#..#
######... ..#.
.#?.


You could see Sigmund (ally target) and a friendly adder skeleton (confused).

Vanquished Creatures
  An adder (D:2)
  6 ball pythons
  2 endoplasms
  4 giant cockroaches
  2 goblins
  2 jackals (D:1)
  3 kobolds
  A quokka (D:1)
  2 bats
  3 frilled lizards (D:1)
  2 rats (D:1)
28 creatures vanquished.

Notes
Turn   | Place    | Note
-------+----------+-------------------------------------------
     0 | D:1      | Bnni the Demonspawn Necromancer began the quest for the
                  | Orb.
     0 | D:1      | Reached XP level 1. HP: 13/13 MP: 3/3
   190 | D:1      | Gained mutation: You sometimes gain a little power by
                  | taking damage. [demonic ancestry]
   190 | D:1      | Reached XP level 2. HP: 19/20 MP: 3/5
   460 | D:1      | Reached skill level 1 in Fighting
   723 | D:2      | Reached skill level 5 in Necromancy
   758 | D:2      | Reached XP level 3. HP: 26/26 MP: 6/6
   767 | D:2      | Learned a level 3 spell: Vampiric Draining
   801 | D:2      | Noticed Sigmund
   810 | D:2      | Slain by Sigmund

Illustrated notes

Levels and vault maps discovered:
D:1:      minmay_arrival_glassed_features, layout_rooms
D:2:      layout_rooms, dreamdust_ecumenical_altar_drowned_temple, uniq_sigmund

Skill      XL: |  1  2 |
---------------+-------+-----
Fighting       | 1 |  1.2
Necromancy     | 5 |  5.1
Dodging        | |  1.7
Stealth        | |  1.7
Spellcasting   | |  2.4

Action                   || total
-------------------------++-------
Melee: Spear             ||    74
 Cast: Necrotise         ||    15
 Stab: Sleeping          ||     1
Armor: Robe              ||    26
Dodge: Dodged            ||    41

Table legend: (Time is in decaauts)
 A = Elapsed time spent in this place.
 B = Non-inter-level travel time spent in this place.
 C = Inter-level travel time spent in this place.
 D = Time resting spent in this place.
 E = Time spent auto-exploring this place.
 F = Levels seen in this place.
 G = Mean time per level.
                   A        B        C        D        E       F      G
               +--------+--------+--------+--------+--------+-----+--------+
         Total |    816 |    795 |     21 |     51 |    547 |   2 |  408.0 |
       Dungeon |    816 |    795 |     21 |     51 |    547 |   2 |  408.0 |
               +--------+--------+--------+--------+--------+-----+--------+

Top non-repeatable levels by time:
     D:1: 658 daAuts
     D:2: 157 daAuts
